 Dungeon Crawl Stone Soup version 0.28.0-47-ge53b351184 (webtiles) character file.

Game seed: 3417677502523872489

2492 brightshaft the Skirmisher (level 9, -8/68 HPs)
             Began as a Djinni Fire Elementalist on May 8, 2022.
             Was an Initiate of Ashenzari.
             Mangled by a human
             ... wielding a +0 vorpal hand axe
              (10 damage)
             ... on level 7 of the Dungeon.
             The game lasted 00:09:44 (8409 turns).

brightshaft the Skirmisher (DjFE)                   Turns: 8409, Time: 00:09:44

Health: -8/68      AC:  8    Str:  7    XL:     9   Next: 81%
Gold:   174        EV: 11    Int: 22    God:    Ashenzari [......] SH: 10 Dex: 13

rFire   + + .      SeeInvis .   e - +1 mace (protect)
rCold   x . .      Faith    .   l - +0 kite shield
rNeg    . . .      Spirit   .   a - +0 robe
rPois   ∞          Reflect  .   w - +0 helmet
rElec   .          Harm     .   t - scarf {shadows}
rCorr   .          Rampage  .   q - +0 pair of gloves
Will    .....                   (boots unavailable)
Stlth   ++........              (no amulet)
HPRegen 0.21/turn               f - ring of wizardry
MPRegen 0.00/turn               m - +4 ring of protection

@: flying
A: sickness immunity, fire resistance 2, cold vulnerability 1, float, innate
caster, HP casting, extra vitality 1
a: Renounce Religion, Curse Item


You were on level 7 of the Dungeon.
You worshipped Ashenzari.
Ashenzari was noncommittal.
You visited 2 branches of the dungeon, and saw 8 of its levels.
You also visited: Bailey.

You collected 271 gold pieces.
You spent 97 gold pieces at shops.

Inventory:

Hand Weapons
 e - a +1 mace of protection (weapon)
Armour
 a - a +0 robe (worn)
 l - a +0 kite shield (worn)
 q - a +0 pair of gloves (worn)
 t - a scarf of shadows (worn)
 w - a +0 helmet (worn)
Jewellery
 f - a ring of wizardry (left hand)
 m - a +4 ring of protection (right hand)
 n - an amulet of regeneration
Wands
 k - a wand of iceblast (6)
Scrolls
 b - a scroll of identify {@r1}
 c - 3 scrolls of teleportation {@r4}
 g - a scroll of silence {unknown}
 i - a scroll of torment {unknown}
 o - a scroll of blinking {unknown}
 r - a scroll of fear {unknown}
 u - a scroll of immolation {unknown}
 y - a scroll of enchant weapon
Potions
 d - a potion of ambrosia
 h - 2 potions of degeneration
 j - a potion of attraction
 p - a potion of lignification
 s - a potion of curing {@q1}
 v - a potion of mutation
 x - a potion of heal wounds {@q2}


   Skills:
 + Level 7.1 Fighting
 - Level 2.6 Dodging
 - Level 2.0 Stealth
 + Level 6.7 Shields
 + Level 6.1 Spellcasting


You couldn't memorise any spells.
You knew the following spells:

 Your Spells              Type           Power      Damage    Failure   Level
a - Foxfire               Conj/Fire      100%       2x1d9     1%          1
b - Scorch                Fire           68%        2d8       1%          2
c - Conjure Flame         Conj/Fire      34%        6-21      2%          3
d - Inner Flame           Hex/Fire       34%        N/A       2%          3
e - Flame Wave            Conj/Fire      34%        2d8       8%          4
f - Magic Dart            Conj           100%       1d8       1%          1
g - Wereblood             Tmut           34%        N/A       1%          2
h - Teleport Other        Tloc           34%        N/A       2%          3
i - Ignite Poison         Fire/Tmut/Pois 34%        N/A       2%          3
Your spell library was empty.

Dungeon Overview and Level Annotations

Branches:
Dungeon (7/15)             Temple (1/1) D:5          Bailey (visited)

Altars:
Ashenzari
Cheibriados
Gozag
Hepliaklqana
Sif Muna
Wu Jian
Yredelemnul
The Shining One

Shops:
D:5 *


Innate Abilities, Weirdness & Mutations

You are immune to sickness and miasma.
You are immune to poison.
Your flesh is very heat resistant. (rF++)
You are vulnerable to cold. (rC-)
You float through the air rather than walking.
You learn spells naturally, not from books.
Your magical power is your life essence.
You have superior vitality. (+4 MHP)


Message History

Flames lash the human but do no damage.
* * * LOW HITPOINT WARNING * * *
The orc warrior is no longer more vulnerable to fire.
The human hits you but does no damage. You block the human's attack.
An orc comes into view. It is wielding a +0 hand axe.
Unknown command.
The human is no longer more vulnerable to fire.
You block the human's attack. You block the human's attack.
There is a gate leading back out of this place here.
The human closely misses you.
Welcome back to the Dungeon!
There is an empty arch of ancient stone here.
The human misses you.
Casting: Scorch (safe; 1% risk of failure)
Press: ? - help, Q - select action, (/) - cycle Dir - look around, f - activate Flames lash the human.
The human is moderately wounded.
The human's fire resistance burns away.
* * * LOW HITPOINT WARNING * * *
Casting: Scorch (safe; 1% risk of failure)
Press: ? - help, Q - select action, (/) - cycle Dir - look around, f - activate Flames lash the human.
The human is burned terribly!
The human is heavily wounded.
* * * LOW HITPOINT WARNING * * *
The human is no longer more vulnerable to fire.
You block the human's attack.
Casting: Scorch (safe; 1% risk of failure)
Press: ? - help, Q - select action, (/) - cycle Dir - look around, f - activate Flames lash the human.
The human is burned terribly!
The human is almost dead.
* * * LOW HITPOINT WARNING * * *
The human hits you with a +0 vorpal hand axe.
* * * LOW HITPOINT WARNING * * *
x2 You don't have enough health to cast this spell.
You don't have enough health to cast this spell.
You miss the human.
The human is almost dead.
The human hits you with a +0 vorpal hand axe!
You die...

#. ..# #. ..#
#. ..# #. ..
.####.#.#####
.............
### #@......
)..#p######.#
#.#.######..
#...........
#..≈≈§≈≈.#
#..≈.p.≈.###
##
#..≈.∩>≈....
..#
##.≈.(.≈.##.
###..
#(≈≈≈≈≈....


You could see 2 humans.

Vanquished Creatures
  6 yaks (D:6)
  An orc warrior (D:5)
  A sky beast (D:6)
  2 necrophages
  An ogre (D:6)
  A phantom (D:6)
  A kobold brigand (D:4)
  3 bullfrogs
  2 scorpions
  A water moccasin skeleton (D:4)
  A howler monkey (D:5)
  2 centaur zombies
  7 hounds
  2 centaur skeletons
  Ijyb (D:5)
  2 iguanas
  2 orc wizards (D:5)
  A mummy (D:3)
  A howler monkey zombie (D:7)
  6 adders
  A howler monkey skeleton (D:6)
  2 shadow imps (D:6)
  An ufetubus (D:4)
  An adder skeleton (D:4)
  An adder zombie (D:5)
  2 worms (D:2)
  3 dart slugs
  8 orcs
  3 bats
  7 endoplasms
  14 goblins
  8 hobgoblins
  4 jackals (D:1)
  A quokka (D:2)
  6 ball pythons
  3 kobolds
  5 rats
114 creatures vanquished.

Vanquished Creatures (others)
  42 foxfires (D:1)
  5 plants (D:3)
47 creatures vanquished.

Grand Total: 161 creatures vanquished

Notes
Turn   | Place    | Note
-------+----------+-------------------------------------------
     0 | D:1      | brightshaft the Djinni Fire Elementalist began the quest
                  | for the Orb.
     0 | D:1      | Reached XP level 1. HP: 15/15 MP: 0/0
   991 | D:1      | Reached XP level 2. HP: 20/21 MP: 0/0
  1567 | D:2      | Reached XP level 3. HP: 14/26 MP: 0/0
  1567 | D:2      | Learned a level 1 spell: Magic Dart
  2057 | D:2      | Reached skill level 1 in Fighting
  2433 | D:2      | Reached XP level 4. HP: 27/32 MP: 0/0
  3319 | D:3      | Reached skill level 2 in Fighting
  3807 | D:3      | Found a snail-covered altar of Cheibriados.
  3815 | D:3      | Reached XP level 5. HP: 29/38 MP: 0/0
  3815 | D:3      | Learned a level 2 spell: Wereblood
  4322 | D:4      | Noticed a kobold brigand
  4328 | D:4      | Reached skill level 1 in Shields
  4331 | D:4      | Killed a kobold brigand
  4332 | D:4      | Reached skill level 3 in Fighting
  4332 | D:4      | Reached XP level 6. HP: 25/46 MP: 0/0
  5251 | D:5      | Entered Level 5 of the Dungeon
  5276 | D:5      | Noticed an orc warrior
  5286 | D:5      | Reached XP level 7. HP: 33/50 MP: 0/0
  5286 | D:5      | Learned a level 3 spell: Teleport Other
  5294 | D:5      | Noticed Ijyb
  5309 | D:5      | Killed Ijyb
  5310 | D:5      | Reached skill level 4 in Fighting
  5828 | D:5      | Found a staircase to the Ecumenical Temple.
  5838 | Temple   | Entered the Ecumenical Temple
  5882 | Temple   | Became a worshipper of Ashenzari the Shackled
  6059 | D:5      | Reached XP level 8. HP: 54/58 MP: 0/0
  6387 | D:5      | Found Xyinofi's General Store.
  6394 | D:5      | Bought a scroll of enchant weapon for 97 gold pieces
  6892 | D:6      | Reached skill level 5 in Fighting
  7241 | D:6      | Noticed a yak
  7242 | D:6      | Noticed a yak
  7242 | D:6      | Noticed a yak
  7242 | D:6      | Noticed a yak
  7242 | D:6      | Noticed a yak
  7243 | D:6      | Noticed a yak
  7260 | D:6      | Killed a yak
  7260 | D:6      | Killed a yak
  7260 | D:6      | Killed a yak
  7260 | D:6      | Killed a yak
  7260 | D:6      | Killed a yak
  7261 | D:6      | Reached skill level 6 in Fighting
  7261 | D:6      | Reached skill level 5 in Spellcasting
  7261 | D:6      | Reached XP level 9. HP: 7/67 MP: 0/0
  7261 | D:6      | Learned a level 3 spell: Ignite Poison
  8129 | D:7      | Reached skill level 7 in Fighting
  8132 | D:7      | Found a flagged portal.
  8147 | Bailey   | Entered a bailey
  8407 | D:7      | HP: 3/68 [human/+0 vorpal hand axe (3)]
  8409 | D:7      | Mangled by a human

Illustrated notes

Levels and vault maps discovered:
D:1:      dpeg_arrival_round_b, layout_basic
D:2:      cheibrodos_greedy_goblins, layout_basic
D:3:      cheibrodos_old_hovel, layout_loops_corners, slow_altar_2,
          grunt_decor_resistance
D:4:      layout_loops_ring
D:5:      nicolae_cairo_tiling, layout_rooms, serial_shops, kennysheep_mini,
          patterned_corridor, uniq_ijyb
D:6:      layout_layer_cave
D:7:      layout_basic, enter_bailey_5, uniq_crazy_yiuf_cottage, uniq_harold,
          uniq_maggie
Temple:   eino_temple_scatter_basement

Skill      XL: |  1  2  3  4  5  6  7  8  9 |
---------------+----------------------------+-----
Stealth        | 2 |  2.0
Fighting       | 1 2 3 4 6 7 |  7.1
Spellcasting   | 3 4 5 6 |  6.1
Shields        | 2 3 6 |  6.7
Dodging        | |  2.6

Action                   |  1- 3 |  4- 6 |  7- 9 || total
-------------------------+-------+-------+-------++-------
Melee: Unarmed           |     8 |       |       ||     8
       Mace              |       |    33 |    41 ||    74
 Cast: Foxfire           |    29 |       |       ||    29
       Scorch            |    23 |    49 |   118 ||   190
       Inner Flame       |       |       |     3 ||     3
  Use: Potion            |       |       |     3 ||     3
       Scroll            |       |       |     7 ||     7
 Stab: Sleeping          |       |     1 |     1 ||     2
Armor: Robe              |     8 |    28 |    72 ||   108
Dodge: Dodged            |     8 |    23 |    93 ||   124
Block: Kite shield       |       |    19 |    87 ||   106
